 Dungeon Crawl Stone Soup version 0.23.2-40-g277498a001 (webtiles) character file.

Game seed: 1755731865453070023

67 Exodus22XD the Magician (level 4, 24/24 HPs)
             Began as a Deep Elf Wizard on Sept 20, 2019.
             Quit the game on level 3 of the Dungeon.
             The game lasted 00:03:39 (1581 turns).

Exodus22XD the Magician (Deep Elf Wizard)           Turns: 1581, Time: 00:03:40

Health: 24/24      AC:  3    Str:  4    XL:     4   Next: 0%
Magic:  10/12      EV: 13    Int: 24    God:
Gold:   148        SH:  0    Dex: 13    Spells: 4/11 levels left

rFire    . . .     SeeInvis .   c - +0 mace
rCold    . . .     Gourm    .   (no shield)
rNeg     . . .     Faith    .   a - +0 robe
rPois    .         Spirit   .   b - +0 hat
rElec    .         Reflect  .   (no cloak)
rCorr    .         Harm     .   (no gloves)
MR       .....                  h - +0 pair of boots
Stlth    ++........             (no amulet)
HPRegen  0.08/turn              (no ring)
MPRegen  0.13/turn              (no ring)

@: no status effects
A: no striking features
a: no special abilities


You were on level 3 of the Dungeon.
You were not hungry.

You visited 1 branch of the dungeon, and saw 3 of its levels.

You collected 148 gold pieces.

Inventory:

Hand Weapons
 c - a +0 mace (weapon)
 m - a +0 club
Armour
 a - a +0 robe (worn)
 b - a +0 hat (worn)
 h - a +0 pair of boots (worn)
Wands
 q - a wand of flame (24)
Scrolls
 e - 7 scrolls of identify {unknown}
 f - a scroll of enchant armour {unknown}
 i - a scroll of fear {unknown}
 j - a scroll of magic mapping {unknown}
Potions
 g - a potion of brilliance {unknown}
 k - 2 potions of curing {unknown}
 l - 2 potions of ambrosia {unknown}
 n - a potion of berserk rage {unknown}
 o - 2 potions of haste {unknown}
Comestibles
 d - 5 rations
 p - a chunk of flesh


   Skills:
 - Level 2.4 Dodging
 - Level 2.4 Stealth
 - Level 4.4 Spellcasting
 * Level 4.3 Conjurations
 + Level 1.1 Summonings
 + Level 1.1 Translocations


You had 4 spell levels left.
You knew the following spells:

 Your Spells              Type           Power        Failure   Level  Hunger
a - Magic Dart            Conj           ####         1%          1    None
b - Call Imp              Summ           ##......     9%          2    None
c - Blink                 Tloc           N/A          9%          2    None
d - Slow                  Hex            #.......     14%         2    None

Your spell library contained the following spells:

 Spells                   Type           Power        Failure   Level  Hunger
 Conjure Flame            Conj/Fire      ###.....     12%         3    ##.....
 Mephitic Cloud           Conj/Pois/Air  ##......     16%         3    ##.....


Dungeon Overview and Level Annotations

Branches:
Dungeon (3/15)

Altars:


Message History

Aiming: Magic Dart (safe; 1% risk of failure)
Press: ? - help, Shift-Dir - straight line, f/p - hobgoblin
Aim: a hobgoblin, wielding a +0 club (almost dead)
The magic dart hits the hobgoblin.
You kill the hobgoblin!
You have reached level 4!
You feel clever.
Okay, then.
Memorise Call Imp, consuming 2 spell levels and leaving 8?
You start memorising the spell.
You continue memorising. x2
You finish memorising.
Spell assigned to 'b'.
Memorise Blink, consuming 2 spell levels and leaving 6?
You start memorising the spell.
You continue memorising. x2
You finish memorising.
Spell assigned to 'c'.
Memorise Slow, consuming 2 spell levels and leaving 4?
You start memorising the spell.
You continue memorising. x2
You finish memorising.
Spell assigned to 'd'.
Okay, then.
Unknown command.
Are you sure you want to abandon this character and quit the game? (Confirm with "yes".)

#. #.. .. # .## .#
### ###.###.##
..##........#
#.#.....#..#.#
##.....@.....#
####.......##.?)..
####..........#
###
..##.##.......#
#.##.####...###
#.##.# #[.[#
#<##.# #...#
##.##.####...#
#............#


There were no monsters in sight!

Vanquished Creatures
  2 adders (D:2)
  2 worms (D:2)
  A dart slug (D:1)
  5 giant cockroaches
  5 goblins
  8 hobgoblins
  A quokka (D:2)
  3 bats
  5 frilled lizards (D:2)
  3 kobolds
  7 rats
42 creatures vanquished.

Notes
Turn   | Place    | Note
-------+----------+-------------------------------------------
     0 | D:1      | Exodus22XD the Deep Elf Wizard began the quest for the Orb.
     0 | D:1      | Reached XP level 1. HP: 10/10 MP: 7/7
   312 | D:1      | Reached XP level 2. HP: 15/15 MP: 6/9
   826 | D:2      | Reached XP level 3. HP: 19/19 MP: 2/10
  1571 | D:3      | Reached XP level 4. HP: 24/24 MP: 9/12
  1575 | D:3      | Learned a level 2 spell: Call Imp
  1578 | D:3      | Learned a level 2 spell: Blink
  1581 | D:3      | Learned a level 2 spell: Slow
  1581 | D:3      | Quit the game

Skill      XL: |  1  2  3 |
---------------+----------+-----
Conjurations   | 2 3 4 |  4.3
Dodging        | |  2.4
Stealth        | |  2.4
Spellcasting   | |  4.4
Summonings     | |  1.1
Translocations | |  1.1

Action                   |  1- 3 |  4- 6 || total
-------------------------+-------+-------++-------
Melee: Mace              |     3 |       ||     3
 Cast: Magic Dart        |    91 |     1 ||    92
  Eat: Chunk             |     2 |       ||     2
Armor: Robe              |     4 |       ||     4
Dodge: Dodged            |    10 |       ||    10
